 Dungeon Crawl Stone Soup version 0.30-b1-2-g02819fbbbe (webtiles) character file.

Game seed: 16413799566517508231

62334 Borgoz the Fighter (level 15, -3/150 HPs)
             Began as a Gargoyle Berserker on June 25, 2023.
             Was a High Priest of Trog.
             Slain by a red ugly thing (25 damage)
             ... on level 13 of the Dungeon.
             The game lasted 00:42:31 (17760 turns).

Borgoz the Fighter (Gargoyle Berserker)            Turns: 17760, Time: 00:42:31

Health: -3/150     AC: 46    Str: 24    XL:     15   Next: 5%
Magic:  5/5        EV: 16    Int:  8    God:    Trog [*****.]
Gold:   878        SH:  0    Dex: 21    Spells: 14/14 levels left

rFire   . . .        a - +4 great mace (antimagic)
rCold   . . .        (shield currently unavailable)
rNeg    + . .        J - +8 chain mail "Ceudwo Deum" {Harm Rampage +Blink}
rPois   ∞            O - +1 helmet
rElec   +            y - +1 cloak
rCorr   .            X - +1 pair of gloves
SInv    .            v - +1 pair of boots
Will    +++..        (no amulet) Stlth
                     p - +4 ring of slaying
HPRegen 1.45/turn    U - ring of Eternal Harmony {AC+4 Dex+8}
MPRegen 0.09/turn

%: harm (+30% outgoing, +20% incoming), rampage
@: berserking, strong-willed, flying, regenerating, very quick
A: sickness immunity, AC +11, big wings, negative energy resistance 1,
electricity resistance, torment resistance 1, petrification resistance
a: Renounce Religion, Evoke Blink, Berserk, Trog's Hand, Brothers in Arms


You were on level 13 of the Dungeon.
You worshipped Trog.
Trog was extremely pleased with you.
You visited 3 branches of the dungeon, and saw 19 of its levels.

You collected 1303 gold pieces.
You spent 425 gold pieces at shops.

Inventory:

Hand Weapons
 a - a +4 antimagic great mace (weapon)
Missiles
 o - 22 poisoned darts
 E - 2 throwing nets (quivered)
Armour
 n - +0 ice dragon scales
 v - a +1 pair of boots (worn)
 y - a +1 cloak (worn)
 G - a +2 ring mail of fire resistance
 J - the +8 chain mail "Ceudwo Deum" (worn) {Harm Rampage +Blink}
   (You bought it in a shop on level 8 of the Dungeon)

   +Blink:    It lets you blink.
   Harm:      It increases damage dealt and taken.
   Rampage:   It bestows one free step when moving towards enemies.
 O - a +1 helmet (worn)
 X - a +1 pair of gloves (worn)
Jewellery
 p - a +4 ring of slaying (left hand)
 I - a ring of positive energy
 K - a ring of fire
 R - a ring of protection from cold
 T - a ring of ice
 U - the ring of Eternal Harmony (right hand) {AC+4 Dex+8}
   (You found it on level 1 of the Lair of Beasts)

   [ring of protection]

   AC:        It affects your AC (+4).
   Dex:       It affects your dexterity (+8).
 W - a +6 ring of intelligence
Wands
 k - a wand of paralysis (4)
 s - a wand of digging (9)
 t - a wand of flame (41)
 w - a wand of iceblast (10)
 B - a wand of acid (18)
 H - a wand of polymorph (13)
 M - a wand of mindburst (23)
Scrolls
 c - 4 scrolls of identify
 e - 2 scrolls of poison
 l - 5 scrolls of teleportation
 r - 2 scrolls of silence
 x - a scroll of brand weapon
 z - 3 scrolls of magic mapping
 N - 3 scrolls of fear
 S - 5 scrolls of blinking
Potions
 d - 7 potions of curing
 f - 5 potions of haste
 h - 3 potions of mutation
 i - 5 potions of attraction
 j - a potion of invisibility
 m - 5 potions of heal wounds
 u - 3 potions of might
 D - 2 potions of resistance
 Z - 2 potions of cancellation


   Skills:
 * Level 13.8 Fighting
 * Level 13.5 Maces & Flails
 + Level 3.0 Throwing
 * Level 13.5 Armour
 * Level 10.6 Dodging
 + Level 4.0 Stealth
 - Level 5.0 Shields
 - Level 5.0 Evocations


You had 14 spell levels left.
You didn't know any spells.
Your spell library was empty.

Dungeon Overview and Level Annotations

Branches:
Dungeon (13/15)            Temple (1/1) D:4            Lair (5/5) D:9
  Swamp (0/4) Lair:3       Spider (0/4) Lair:2        Slime (0/5) Lair:4
    Orc (0/2) D:11
 Vaults: D:13-14

Altars:
Ashenzari
Cheibriados
Dithmenos
Elyvilon
Fedhas
Gozag
Hepliaklqana
Kikubaaqudgha
Makhleb
Nemelex Xobeh
Okawaru
Qazlal
Ru
Sif Muna
Trog
Uskayaw
Vehumet
Wu Jian
Xom
Yredelemnul
Zin
The Shining One
Jiyva

Shops:
D:8 [   D:11 :


Innate Abilities, Weirdness & Mutations

You are immune to sickness and miasma.
Your stone body is resilient. (AC +11)
You are immune to poison.
Your large and strong wings let you fly.
You resist negative energy. (rN+)
You are resistant to electric shocks. (rElec)
You are resistant to unholy torment.
You are immune to petrification.


Message History

You sock the boulder beetle!
The boulder beetle is heavily wounded.
The boulder beetle bites you but does no damage.
The fire dragon bites you but does no damage.
The fire dragon claws you but does no damage.
The fire dragon closely misses you.
The boulder beetle leaps!
You hit the boulder beetle.
The boulder beetle is heavily wounded.
The red ugly thing barely misses you. The boulder beetle closely misses you.
You sock the boulder beetle!
The boulder beetle is severely wounded.
The fire dragon bites you but does no damage.
The fire dragon claws you but does no damage.
The fire dragon closely misses you.
The red ugly thing bites you but does no damage.
You thump the boulder beetle!
The boulder beetle is almost dead.
The boulder beetle bites you but does no damage.
The fire dragon completely misses you. The fire dragon barely misses you.
The fire dragon tramples you but does no damage.
The boulder beetle curls into a ball and begins rolling!
You bludgeon the boulder beetle!!
You kill the boulder beetle!
Trog accepts your kill.
The red ugly thing bites you but does no damage.
Your Stealth skill increases to level 4!
You sock the red ugly thing!
The red ugly thing is moderately wounded.
The fire dragon bites you but does no damage.
The fire dragon misses you. The fire dragon tramples you.
* * * LOW HITPOINT WARNING * * *
You are shoved backwards!
You closely miss the red ugly thing.
The red ugly thing is lightly wounded.
The fire dragon barely misses you.
The fire dragon claws you but does no damage.
The fire dragon misses you. The red ugly thing bites you.
* * * LOW HITPOINT WARNING * * *
You are engulfed in flames!!
You die...

.○...# #. .°... ..
.○..#.#. #. .B.#.. ...
#..#.#.#.# #. .#
#....#... ..... .
#####..#.#.#.# #.##.##.
#....uD#... ..... .....
#.....@#.#.###.###.#.##
#........#.............
#......#.###.###.##.##.
#####..#[..†)..........
#..###.###.###.#.##
#..................
................####
.......#####........
....... #......!.


You could see a fire dragon, a boulder beetle (rolling) and a red ugly thing.

Vanquished Creatures
  Nessos (Lair:4)
  A minotaur (Lair:3)
  A fire dragon (D:13)
  An ice dragon (D:12)
  8 hydras
  A two-headed ogre (D:8)
  A centaur warrior (D:12)
  4 boulder beetles
  2 death yaks
  Sonja (Lair:4)
  4 skysharks
  A bog body (Lair:1)
  Pikel (D:4)
  An orc knight (D:13)
  An ugly thing (D:12)
  2 cyclopes
  A torpor snail (Lair:4)
  4 black mambas
  15 elephants
  12 cane toads
  2 gargoyles
  A rime drake (Lair:5)
  6 komodo dragons
  2 kobold demonologists
  5 trolls
  2 ice devils (Lair:1)
  2 polar bears
  2 hornets (Lair:5)
  13 blink frogs (Lair:5)
  4 dream sheep (Lair:5)
  A jumping spider (Lair:2)
  5 slime creatures
  A shadow (D:11)
  Sigmund (D:5)
  12 spriggans (Lair:5)
  5 wraiths
  6 wyverns
  4 basilisks
  51 yaks
  2 redbacks (Lair:2)
  3 steam dragons
  A death yak simulacrum (Lair:1)
  7 vampire mosquitoes
  Menkaure (D:5)
  An acid dragon (D:9)
  10 water moccasins
  2 ice beasts
  3 sky beasts
  6 black bears (Lair:5)
  4 orc warriors
  25 wolves
  4 ogres
  4 boggarts (Lair:5)
  15 centaurs
  A phantom (D:6)
  15 bullfrogs
  3 kobold brigands
  A scorpion (D:6)
  A gnoll sergeant (D:7)
  9 wights
  5 killer bees
  3 howler monkeys
  A vampire bat (D:3)
  A hound (shapeshifter) (D:11)
  A jelly (Lair:4)
  4 hounds
  7 orc priests
  Crazy Yiuf (D:5)
  A gnoll bouda (D:7)
  3 iguanas
  3 sleepcaps
  Ijyb (D:5)
  13 orc wizards
  A polar bear simulacrum (Lair:1)
  2 spriggan simulacra (Lair:1)
  5 gnolls (D:7)
  8 adders
  A white imp (D:7)
  An ufetubus (D:5)
  2 dart slugs
  37 orcs
  8 bats (D:3)
  5 endoplasms
  3 giant cockroaches
  11 goblins
  8 hobgoblins
  4 jackals
  3 quokkas
  4 ball pythons
  2 frilled lizards
  16 kobolds
  3 rats
474 creatures vanquished.

Vanquished Creatures (collateral kills)
  A centaur warrior (D:12)
  A two-headed ogre (D:12)
  A deep elf pyromancer (D:12)
  An acid dragon (D:12)
  4 wolves (Lair:4)
  3 jellies (Lair:4)
  2 white imps (Lair:1)
13 creatures vanquished.

Vanquished Creatures (others)
  An orc (D:7)
  20 fungi
  21 plants
42 creatures vanquished.

Grand Total: 529 creatures vanquished

Notes
Turn   | Place    | Note
-------+----------+-------------------------------------------
     0 | D:1      | Borgoz the Gargoyle Berserker began the quest for the Orb.
     0 | D:1      | Reached XP level 1. HP: 14/14 MP: 1/1
   315 | D:1      | Reached XP level 2. HP: 19/19 MP: 2/2
   905 | D:2      | Reached XP level 3. HP: 21/24 MP: 3/3
  1330 | D:2      | Reached XP level 4. HP: 29/29 MP: 4/4
  1623 | D:3      | Reached ** piety under Trog
  1717 | D:3      | Reached XP level 5. HP: 33/33 MP: 5/5
  2113 | D:4      | Found a sparkling altar of Nemelex Xobeh.
  2212 | D:4      | Found a staircase to the Ecumenical Temple.
  2245 | Temple   | Entered the Ecumenical Temple
  2245 | Temple   | Found a transporter.
  2245 | Temple   | Found a transporter.
  2247 | Temple   | Found a transporter.
  2247 | Temple   | Found a transporter.
  2304 | D:4      | Noticed an ogre
  2317 | D:4      | Killed an ogre
  2318 | D:4      | Reached XP level 6. HP: 37/39 MP: 6/6
  2395 | D:4      | Noticed Pikel
  2407 | D:4      | Killed Pikel
  2408 | D:4      | Reached skill level 5 in Fighting
  2408 | D:4      | Reached skill level 5 in Maces & Flails
  2408 | D:4      | Reached XP level 7. HP: 44/44 MP: 7/7
  2594 | D:4      | Reached skill level 5 in Armour
  2924 | D:5      | Entered Level 5 of the Dungeon
  2932 | D:5      | Reached XP level 8. HP: 51/51 MP: 8/8
  2981 | D:5      | Noticed Ijyb
  2987 | D:5      | Killed Ijyb
  3037 | D:5      | Noticed Sigmund
  3044 | D:5      | Killed Sigmund
  3191 | D:5      | Found a runed translucent door.
  3192 | D:5      | Noticed Crazy Yiuf
  3747 | D:5      | Noticed Menkaure
  3753 | D:5      | Killed Menkaure
  3985 | D:5      | Killed Crazy Yiuf
  4252 | D:6      | Noticed a yak
  4252 | D:6      | Noticed a yak
  4253 | D:6      | Noticed a yak
  4255 | D:6      | Noticed a yak
  4262 | D:6      | Killed a yak
  4263 | D:6      | Reached skill level 5 in Dodging
  4263 | D:6      | Reached XP level 9. HP: 39/57 MP: 9/9
  4474 | D:6      | Found a white marble altar of Elyvilon.
  4474 | D:6      | Found a stormy altar of Qazlal.
  4619 | D:6      | Reached *** piety under Trog
  5468 | D:7      | Reached XP level 10. HP: 64/64 MP: 10/10
  5601 | D:7      | Reached **** piety under Trog
  5648 | D:7      | Noticed a cyclops
  5662 | D:7      | Killed a cyclops
  6323 | D:8      | Found Paesakok's Antique Armour Shop.
  6326 | D:8      | Bought a warped chain mail for 266 gold pieces
  6326 | D:8      | Identified the +8 chain mail "Ceudwo Deum" {Harm Rampage
                  | +Blink} (You bought it in a shop on level 8 of the Dungeon)
  6651 | D:8      | Found a shadowy altar of Dithmenos.
  6829 | D:8      | Noticed a two-headed ogre
  6839 | D:8      | Killed a two-headed ogre
  6993 | D:9      | Reached ***** piety under Trog
  7042 | D:9      | Reached XP level 11. HP: 71/71 MP: 11/11
  7234 | D:9      | Found a staircase to the Lair.
  7441 | D:9      | Reached skill level 10 in Maces & Flails
  8092 | Lair:1   | Entered Level 1 of the Lair of Beasts
  8168 | Lair:1   | Reached skill level 1 in Shields
  8177 | Lair:1   | Reached skill level 1 in Evocations
  8219 | Lair:1   | Reached skill level 10 in Fighting
  8439 | Lair:1   | Reached skill level 10 in Armour
  8833 | Lair:1   | Reached XP level 12. HP: 78/78 MP: 12/12
  8922 | Lair:1   | Noticed a death yak
  8940 | Lair:1   | Killed a death yak
  9107 | Lair:1   | Identified the ring of Eternal Harmony {AC+4 Dex+8}
  9409 | D:8      | Bought a colourful robe for 159 gold pieces
  9409 | D:8      | Identified the +0 robe "Omecav" {rElec rF+ Str+3} (You
                  | bought it in a shop on level 8 of the Dungeon)
  9618 | Lair:2   | Noticed a boulder beetle
  9638 | Lair:2   | Killed a boulder beetle
 10089 | Lair:2   | Found a hole to the Spider Nest.
 10093 | Lair:2   | Noticed a seven-headed hydra
 10106 | Lair:2   | Killed a seven-headed hydra
 10777 | Lair:3   | Noticed an eight-headed hydra
 10785 | Lair:3   | Killed an eight-headed hydra
 10981 | Lair:3   | Found the necklace of Bloodlust {Fury *Rage Will++ Int-3
                  | Slay+6}
 11063 | Lair:3   | Found a staircase to the Swamp.
 11106 | Lair:3   | Found a runed translucent door.
 11365 | Lair:3   | Noticed a minotaur
 11376 | Lair:3   | Killed a minotaur
 11634 | Lair:4   | Noticed Nessos
 11637 | Lair:4   | Reached XP level 13. HP: 84/84 MP: 13/13
 11656 | Lair:4   | Killed Nessos
 11751 | Lair:4   | Found a viscous altar of Jiyva.
 11774 | Lair:4   | Found a staircase to the Slime Pits.
 11939 | Lair:4   | Noticed Sonja
 11950 | Lair:4   | Killed Sonja
 11951 | Lair:4   | Reached skill level 5 in Shields
 12667 | Lair:5   | Entered Level 5 of the Lair of Beasts
 13019 | Lair:5   | Gained mutation: Your large and strong wings let you fly.
                  | [Gargoyle growth]
 13019 | Lair:5   | Reached XP level 14. HP: 92/92 MP: 14/14
 13055 | Lair:5   | Received a gift from Trog
 13195 | Lair:5   | Reached skill level 1 in Stealth
 13403 | Lair:5   | Reached skill level 1 in Throwing
 13403 | Lair:5   | Reached skill level 5 in Evocations
 13776 | Lair:5   | Reached skill level 10 in Dodging
 14383 | Lair:5   | Received a gift from Trog
 14690 | D:10     | Entered Level 10 of the Dungeon
 15456 | D:10     | Found a glowing golden altar of the Shining One.
 15593 | D:11     | Found a staircase to the Orcish Mines.
 16149 | D:11     | Found Weng's Tremendous Tomes.
 17721 | D:13     | Reached XP level 15. HP: 100/100 MP: 5/15
 17760 | D:13     | Slain by a red ugly thing

Illustrated notes

Levels and vault maps discovered:
D:1:      dpeg_arrival_arbitrary_a, layout_basic
D:2:      layout_loops_ring
D:3:      layout_rooms, roderic_batcave, minmay_goblin_outpost
D:4:      layout_loops_ring, lemuel_tele_altar, temple_statues, uniq_pikel
D:5:      layout_basic, corner_web_ring, uniq_sigmund, uniq_ijyb, uniq_menkaure,
          uniq_crazy_yiuf_cottage
D:6:      nicolae_cairo_tiling, layout_loops_corners,
          gammafunk_temple_overflow_wave
D:7:      layout_rooms, minmay_increasing_density
D:8:      layout_rooms, general_overflow_altar, serial_shops,
          kennysheep_mini_moat, grunt_ministairs_14, hangedman_minor_gate_pass
D:9:      layout_roguey, erik_lair_dragon
D:10:     layout_loops_ring, tso_altar, st_stairs_6
D:11:     layout_rooms, nicolae_shop_i_like_big_books
D:12:     layout_gridville, corexii_leaking_fountain, drop_trap
D:13:     minmay_dotted_concentric_squares, layout_rooms
Temple:   hellmonk_temple_divided_pantheon
Lair:1:   dreamdust_isle_of_ice, layout_long_grid
Lair:2:   layout_gridlike, spider_nest_entry_a
Lair:3:   dreamdust_labyrinth, layout_chaotic_city, minmay_swamp_entry_swarm
Lair:4:   layout_small_grid, nicolae_slime_entry_field_trip, enter_volcano_4,
          minmay_holes, uniq_sonja, uniq_nessos
Lair:5:   minmay_lair_end_enchanted_forest, layout_gridlike, grunt_megastairs_2

Skill      XL: |  1  2  3  4  5  6  7  8  9 10 11 12 13 14 15 |
---------------+----------------------------------------------+-----
Dodging        | 2 3 4 5 6 7 8 9 10 | 10.6
Armour         | 3 4 5 6 7 9 10 11 12 13 | 13.5
Fighting       | 4 5 7 8 9 10 11 12 13 | 13.8
Maces & Flails | 4 5 6 7 9 10 11 12 13 | 13.5
Shields        | 2 4 5 |  5.0
Evocations     | 2 3 4 5 |  5.0
Stealth        | 3 4 |  4.0
Throwing       | 2 3 |  3.0

Action                     |  1- 3 |  4- 6 |  7- 9 | 10-12 | 13-15 || total
---------------------------+-------+-------+-------+-------+-------++-------
  Melee: Mace              |   101 |   124 |       |       |       ||   225
         Punch             |     2 |     2 |     7 |     1 |       ||    12
         Whip              |       |       |   209 |   225 |       ||   434
         Flail             |       |       |       |   333 |   675 ||  1008
         Dire flail        |       |       |       |    35 |       ||    35
         Great mace        |       |       |       |       |    52 ||    52
  Throw: Dart              |       |       |       |     5 |       ||     5
         Throwing net      |       |       |       |       |     1 ||     1
 Invoke: Berserk           |       |     3 |     4 |    11 |    11 ||    29
         Trog's Hand       |       |       |       |     1 |     7 ||     8
         Brothers in Arms  |       |       |       |     1 |     2 ||     3
  Evoke: Wand              |       |       |       |     1 |    18 ||    19
    Use: Scroll            |       |       |    12 |     8 |    17 ||    37
         Potion            |       |       |       |     5 |     2 ||     7
   Stab: Invisible         |       |       |       |     3 |     1 ||     4
         Petrified         |       |       |       |       |     2 ||     2
 Armour: Ring mail         |    48 |   121 |    97 |    38 |       ||   304
         Chain mail        |       |       |       |   358 |   567 ||   925
  Dodge: Dodged            |    61 |   125 |    75 |   312 |   620 ||  1193
  Block: Buckler           |       |       |       |    76 |   231 ||   307
